AoeStats
← omi_omar

Arabia

510361751Analyzed
2v2 RM · 14h ago on Sep 30, 2026· 22m 25s· 4 players
Game mode
Random Map
Map size
Medium (4 player)
Population
200
Speed
Normal
Resources
Standard
Victory
Conquest
Starting age
Dark Age
Ending age
Imperial Age
RankedLock teamsTeams togetherTeam positionsShared explorationLock speedFull tech treeHidden civsTurbo modeCheats
Victory
Defeat
🇦🇷 Franks · Argentina
820
+14
🇦🇷 Huns · Argentina
746
+17
🇦🇷 Gurjaras · Argentina
794
-16
🇨🇭 Spanish · Switzerland
757
-15
omi_omar
1:02 Loom
11:41 Feudal Age
12:09 Double-Bit Axe
12:06 Horse Collar
18:45 Bloodlines
KYLIAN DICTADOR
8:18 Loom
10:42 Feudal Age
16:11 Castle Age
14:05 Double-Bit Axe
16:16 Horse Collar
17:44 Stone Mining
MilanesadeAura
11:11 Feudal Age
12:11 Double-Bit Axe
13:27 Gold Mining
Bin Salmán
6:57 Loom
9:36 Feudal Age
11:06 Double-Bit Axe
20:24 Castle Age
19:20 Scale Barding Armor
19:26 Forging
19:24 Gold Mining
21:27 Wheelbarrow
21:26 Husbandry
21:53 Chain Barding Armor
Connection lost

Rejoining the realm…

Still unreachable

The connection could not be restored.

Session expired

The server has moved on; the page needs a fresh start.